 Dungeon Crawl Stone Soup version 0.25-a0-589-g1e14c54 (webtiles) character file.

Game seed: 12718898842230214600, levelgen mode: deterministic

119 BlueFish the Grasshopper (level 5, 0/46 HPs)
             Began as a Naga Warper on Mar 12, 2020.
             Slain by an ogre
             ... wielding a +0 giant spiked club
              (14 damage)
             ... on level 4 of the Dungeon.
             The game lasted 00:10:35 (4371 turns).

BlueFish the Grasshopper (Naga Warper)              Turns: 4371, Time: 00:10:36

Health: 0/46       AC:  4    Str: 13    XL:     5   Next: 3%
Magic:  13/17      EV:  9    Int: 16    God:
Gold:   163        SH:  0    Dex: 11    Spells: 1/8 levels left

rFire    . . .     SeeInvis +   a - +0 spear
rCold    . . .     Gourm    .   (no shield)
rNeg     . . .     Faith    .   g - +0 leather armour
rPois    +         Spirit   .   (no helmet)
rElec    .         Reflect  .   (no cloak)
rCorr    .         Harm     .   i - +0 pair of gloves
MR       .....                  (no barding)
Stlth    ++........             (no amulet)
HPRegen  0.15/turn              o - ring of magical power
MPRegen  0.15/turn              q - +2 ring of intelligence

@: very slow
A: large, see invisible, deformed body, poison resistance, slowness 2, slow
metabolism 1, spit poison 1, AC +1
a: Spit Poison


You were on level 4 of the Dungeon.
You were hungry.

You visited 1 branch of the dungeon, and saw 4 of its levels.

You collected 163 gold pieces.

Inventory:

Hand Weapons
 a - a +0 spear (weapon)
Missiles
 e - 2 boomerangs of dispersal (quivered)
Armour
 g - a +0 leather armour (worn)
 i - a +0 pair of gloves (worn)
 j - a +0 ring mail
 k - a cursed +0 buckler
Jewellery
 o - a ring of magical power (left hand)
 q - a +2 ring of intelligence (right hand)
Scrolls
 b - a scroll of magic mapping {unknown}
 c - a scroll of identify
 d - a scroll of blinking
 h - 2 scrolls of remove curse
 l - a scroll of teleportation {unknown}
 m - a scroll of enchant armour {unknown}
 p - a scroll of enchant weapon {unknown}
Potions
 n - a potion of might {unknown}
Comestibles
 f - 7 rations


   Skills:
 * Level 2.4 Fighting
 * Level 3.2 Polearms
 + Level 1.0 Throwing
 + Level 1.2 Armour
 + Level 1.8 Dodging
 * Level 2.0 Stealth
 * Level 2.4 Spellcasting
 * Level 1.2 Charms
 * Level 3.3 Translocations


You had one spell level left.
You knew the following spells:

 Your Spells              Type           Power        Failure   Level  Hunger
a - Blink                 Tloc           N/A          10%         2    ###....
b - Shroud of Golubria    Chrm/Tloc      #.....       16%         2    ###....
c - Teleport Other        Tloc           ##......     19%         3    ###....

Your spell library contained the following spells:

 Spells                   Type           Power        Failure   Level  Hunger
 Gell's Gravitas          Tloc           ##........   19%         3    ###....
 Lesser Beckoning         Tloc           ##........   19%         3    ###....
 Passage of Golubria      Tloc           N/A          54%         4    #####..


Dungeon Overview and Level Annotations

Branches:
Dungeon (4/15)
 Temple: D:4-7

Altars:
Fedhas
Gozag
Kikubaaqudgha
Xom
Yredelemnul
The Shining One


Innate Abilities, Weirdness & Mutations

You cannot wear boots.
Your serpentine skin is tough. (AC +1)
You have supernaturally acute eyesight. (SInv)
Armour fits poorly on your strangely shaped body.
Your system is resistant to poisons. (rPois)
You cover ground very slowly.
You have a slow metabolism.
You can spit poison.


Message History

The ogre blinks!
The ogre is severely wounded.
Casting: Shroud of Golubria (safe; 16% risk of failure)
Confirm with . or Enter, or press ? or * to list all spells.
Space distorts slightly along a thin shroud covering your body.
You are feeling hungry.
Attack whom?
Press: ? - help, Dir - move target cursor, f/p - ogre
Aim: an ogre, wielding a +0 giant spiked club (severely wounded)
You reach to attack!
You hit the ogre.
The ogre is almost dead.
You hit the ogre.
The ogre is almost dead.
The ogre closely misses you.
You hit the ogre but do no damage.
The ogre is almost dead.
You barely miss the ogre.
The ogre is almost dead.
The ogre hits you with a +0 giant spiked club!
You die...

#.# #.# #.# #.#
#.# #.###
#O#.#####..
#@.........
#.#.#####.#
#.#.# #.#.#
###...#####.#
#...........#
##.##..#######.
............O...
.......#########


You could see an ogre.

Vanquished Creatures
  4 adders
  4 worms (D:2)
  A dart slug (D:2)
  3 leopard geckos
  5 orcs
  A ball python (D:3)
  7 goblins
  7 hobgoblins
  A quokka (D:2)
  9 bats
  3 frilled lizards
  A giant cockroach zombie (D:2)
  9 kobolds
  6 rats
61 creatures vanquished.

Notes
Turn   | Place    | Note
-------+----------+-------------------------------------------
     0 | D:1      | BlueFish the Naga Warper began the quest for the Orb.
     0 | D:1      | Reached XP level 1. HP: 19/19 MP: 3/3
   318 | D:1      | Reached XP level 2. HP: 26/26 MP: 5/5
   322 | D:1      | Learned a level 2 spell: Blink
   325 | D:1      | Learned a level 2 spell: Shroud of Golubria
   678 | D:1      | Reached skill level 1 in Throwing
   881 | D:2      | Found a blossoming altar of Fedhas.
  1119 | D:2      | Reached XP level 3. HP: 26/32 MP: 6/6
  1185 | D:2      | Reached skill level 1 in Armour
  1900 | D:2      | Reached skill level 1 in Stealth
  2253 | D:2      | Reached XP level 4. HP: 25/39 MP: 4/7
  2780 | D:2      | Found an opulent altar of Gozag.
  2846 | D:2      | Found an ancient bone altar of Kikubaaqudgha.
  2846 | D:2      | Found a basalt altar of Yredelemnul.
  2852 | D:2      | Found a glowing golden altar of the Shining One.
  2854 | D:2      | Found a faded altar of an unknown god.
  2855 | D:2      | Found a shimmering altar of Xom.
  2965 | D:2      | Reached skill level 1 in Charms
  3245 | D:3      | Noticed an orc warrior
  3895 | D:3      | Reached XP level 5. HP: 35/46 MP: 8/8
  3907 | D:3      | Learned a level 3 spell: Teleport Other
  4040 | D:3      | Noticed a big kobold
  4073 | D:3      | HP: 1/46 [orc warrior/+0 scimitar (16)]
  4346 | D:4      | Noticed an ogre
  4371 | D:4      | Slain by an ogre

Levels and vault maps discovered:
D:1:      wheals_arrival_shading, layout_basic
D:2:      layout_rooms, lemuel_coloured_pillars_altar,
          chequers_temple_overflow_minitemple, first_ration, fedhas_altar_1
D:3:      layout_rooms
D:4:      layout_basic, serial_shops, shop, ebering_ghost_inner_flame,
          uniq_natasha, uniq_eustachio

Skill      XL: |  1  2  3  4  5 |
---------------+----------------+-----
Throwing       | 1 |  1.0
Armour         | 1 |  1.2
Stealth        | 1 2 |  2.0
Polearms       | 3 |  3.2
Charms         | 1 |  1.2
Fighting       | |  2.4
Dodging        | |  1.8
Spellcasting   | |  2.4
Translocations | |  3.3

Action                   |  1- 3 |  4- 6 || total
-------------------------+-------+-------++-------
Melee: Spear             |   190 |   212 ||   402
Throw: Boomerang         |     1 |     2 ||     3
 Cast: Shroud of Golubri |     4 |    16 ||    20
       Blink             |     1 |     3 ||     4
  Use: Scroll            |     4 |     1 ||     5
       Potion            |     1 |       ||     1
 Stab: Sleeping          |     2 |       ||     2
  Eat: Chunk             |     3 |     7 ||    10
Armor: Leather armour    |    11 |    62 ||    73
       Ring mail         |    28 |       ||    28
Dodge: Dodged            |    47 |    80 ||   127

Table legend:
 A = Non-vault XP
 B = Vault XP
 C = Vault XP percentage of total XP
 D = Non-vault monster count
 E = Vault monster count
 F = Vault count percentage of total count
                 A         B        C        D         E       F
            +---------+---------+-------+---------+---------+-------
      Total |     171 |       0 |   0.0 |      61 |       0 |   0.0
            +---------+---------+-------+---------+---------+-------
        D:1 |      22 |       0 |   0.0 |      15 |       0 |   0.0
        D:2 |     101 |       0 |   0.0 |      29 |       0 |   0.0
        D:3 |      48 |       0 |   0.0 |      17 |       0 |   0.0
            +---------+---------+-------+---------+---------+-------
